 Dungeon Crawl Stone Soup version 0.31-a0-557-g6e16503903 (webtiles) character file.

Game seed: 6175166965429939291

907 Ofeo the Slasher (level 7, 0/62 HPs)
             Began as a Red Draconian Hexslinger on Aug 16, 2023.
             Succumbed to a gnoll's poison
             ... on level 4 of the Dungeon.
             The game lasted 00:07:20 (5565 turns).

Ofeo the Slasher (Red Draconian Hexslinger)         Turns: 5565, Time: 00:07:21

Health: 0/62       AC:  6    Str: 11    XL:     7   Next: 81%
Magic:  8/8        EV: 12    Int: 19    God:
Gold:   307        SH:  0    Dex: 15    Spells: 4/8 levels left

rFire   + . .        b - +1 great sword
rCold   . . .        (shield currently unavailable)
rNeg    . . .        (body armour unavailable)
rPois   .            (helmet restricted)
rElec   .            (no cloak)
rCorr   .            (no gloves)
SInv    .            (no boots)
Will    +....        (no amulet)
Stlth   +            e - ring of willpower
HPRegen 0.30/turn    f - +6 ring of intelligence
MPRegen 0.11/turn

%: no passive effects
@: lethally poisoned (0 -> -4), short of breath
A: breathe fire, AC +6, unfitting armour, fire resistance 1, cold-blooded
a: Breathe Fire


You were on level 4 of the Dungeon.
You visited 1 branch of the dungeon, and saw 6 of its levels.

You collected 307 gold pieces.

Inventory:

Hand Weapons
 a - a +1 sling
 b - a +1 great sword (weapon)
Missiles
 k - a curare-tipped dart
Jewellery
 d - a +6 ring of intelligence
 e - a ring of willpower (left hand)
 f - a +6 ring of intelligence (right hand)
 g - a ring of positive energy
 j - a ring of wizardry
Scrolls
 h - a scroll of poison
 i - 2 scrolls of identify {@r1}


   Skills:
 - Level 5.7 Fighting
 + Level 6.7 Long Blades
 - Level 2.0 Ranged Weapons
 - Level 2.0 Dodging
 - Level 1.3 Spellcasting
 - Level 2.8 Hexes


You had 4 spell levels left.
You knew the following spells:

 Your Spells              Type           Power      Damage    Failure   Level
a - Slow                  Hex            48%        N/A       5%          1
b - Inner Flame           Hex/Fire       6%         N/A       30%         3

Your spell library contained the following spells:

 Spells                   Type           Power      Damage    Failure   Level
 Portal Projectile        Hex/Tloc       12%        N/A       30%         3
 Cause Fear               Hex            6%         N/A       50%         4


Dungeon Overview and Level Annotations

Branches:
Dungeon (6/15)
 Temple: D:4-7

Altars:
Sif Muna
Wu Jian
Zin

Shops:
D:2 =   D:3 =   D:5 :


Innate Abilities, Weirdness & Mutations

You can breathe blasts of fire.
Your fiery red scales are hard. (AC +6)
You cannot fit into any form of body armour.
Your flesh is heat resistant. (rF+)
You are cold-blooded and may be slowed by cold attacks.


Message History

Press: ? - help, Q - select action, (/) - cycle Shift-Dir - straight line, f - gnoll
Aim: a gnoll, wielding a +2 whip of freezing (lightly wounded, 72% to hit)
You breathe a blast of fire.
The fiery breath misses the gnoll.
You feel sick.
The gnoll hits you from afar with a +2 spear of venom.
You are more poisoned.
The gnoll is engulfed in blazing flames.
The gnoll misses you.
You take 4 damage, and have 33/62 hp.
You hit the gnoll.
You kill the gnoll!
You feel very sick.
The gnoll hits you from afar with a +2 spear of venom.
You are more poisoned.
The gnoll hits you from afar with a +2 spear of venom.
You take 14 damage, and have 19/62 hp.
MASSIVE DAMAGE!!
* * * LOW HITPOINT WARNING * * *
You feel very sick.
The gnoll hits you from afar with a +2 spear of venom.
* * * LOW HITPOINT WARNING * * *
You climb upwards.
* * * LOW HITPOINT WARNING * * *
You feel very sick.
There is a stone staircase leading down here.
You take 12 damage, and have 7/62 hp.
You aren't carrying any potions.
There is a lethal amount of poison in your body!
As you read the scroll labelled CAM KAYD GEOR, it crumbles to dust.
It is a scroll of enchant armour.
You aren't carrying any armour which can be enchanted further.
* * * LOW HITPOINT WARNING * * *
You feel very sick.
You take 2 damage, and have 5/62 hp.
* * * LOW HITPOINT WARNING * * *
You feel sick.
You take 2 damage, and have 3/62 hp.
* * * LOW HITPOINT WARNING * * *
You feel sick.
You take 2 damage, and have 1/62 hp.
You die...

########## #######
#......))# ### ...[..#
#.######@# #.. .####.# #.#
#)# #.#
..###.###.######.###########
#.#
..............##.##........#
#.#
...##.###.........#..#####.#
##.# )...#.# #.........#..#
#.# #... ...##.#
##.##.###.#..#####.###..#
..(...#
#.##...#.#..#...........
#.#####
#.####.#.#..#...#.###.##


There were no monsters in sight!

Vanquished Creatures
  A black bear (D:5)
  An ice beast (D:5)
  2 phantoms (D:5)
  A kobold brigand (D:5)
  A gnoll sergeant (D:5)
  2 jellies
  A hound (D:5)
  An orc priest (D:5)
  Natasha (thrice) (D:3 D:4)
  An iguana (D:5)
  2 orc wizards
  4 gnolls
  3 adders
  A white imp (D:5)
  A dart slug (D:1)
  12 orcs
  11 endoplasms
  5 giant cockroaches
  3 goblins
  5 hobgoblins
  6 jackals
  5 quokkas
  9 ball pythons
  7 bats
  A frilled lizard (D:2)
  13 kobolds
  4 rats
106 creatures vanquished.

Notes
Turn   | Place    | Note
-------+----------+-------------------------------------------
     0 | D:1      | Ofeo the Draconian Hexslinger began the quest for the Orb.
     0 | D:1      | Reached XP level 1. HP: 16/16 MP: 2/2
   105 | D:1      | Reached XP level 2. HP: 23/23 MP: 3/3
   628 | D:1      | Reached XP level 3. HP: 29/29 MP: 4/4
  1004 | D:2      | Found a glowing silver altar of Zin.
  1227 | D:2      | Learned a level 3 spell: Inner Flame
  1607 | D:2      | Found Jeanaph's Jewellery Boutique.
  1657 | D:3      | Noticed Natasha
  1660 | D:3      | Killed Natasha
  1661 | D:3      | Reached XP level 4. HP: 39/39 MP: 5/5
  1720 | D:3      | Noticed Natasha
  1724 | D:3      | Killed Natasha
  1803 | D:3      | Noticed Natasha
  2090 | D:3      | Found Xeshrusa's Jewellery Shoppe.
  2146 | D:3      | Found a shimmering blue altar of Sif Muna.
  2320 | D:3      | Found an ornate altar of the Wu Jian Council.
  2632 | D:3      | Reached XP level 5. HP: 47/47 MP: 6/6
  2825 | D:4      | Killed Natasha
  2826 | D:4      | Reached skill level 5 in Fighting
  3932 | D:5      | Entered Level 5 of the Dungeon
  3932 | D:5      | Noticed a phantom
  4024 | D:5      | Reached skill level 1 in Long Blades
  4148 | D:5      | Reached skill level 2 in Long Blades
  4148 | D:5      | Reached XP level 6. HP: 57/57 MP: 7/7
  4234 | D:5      | Reached skill level 3 in Long Blades
  4386 | D:5      | Reached skill level 4 in Long Blades
  4456 | D:5      | Found Xutoaf's Book Shoppe.
  4606 | D:5      | Your scales start taking on a fiery red colour.
  4606 | D:5      | Reached XP level 7. HP: 59/62 MP: 8/8
  4606 | D:5      | Gained mutation: Your flesh is heat resistant. (rF+) [Red
                  | Draconian growth]
  4650 | D:5      | Reached skill level 5 in Long Blades
  5131 | D:5      | Reached skill level 6 in Long Blades
  5563 | D:4      | HP: 3/62 [poisoned by a gnoll]
  5564 | D:4      | HP: 1/62 [poisoned by a gnoll]
  5565 | D:4      | Succumbed to a gnoll's poison

Illustrated notes

Levels and vault maps discovered:
D:1:      lightli_arrival_noodles, layout_loops_cross,
          chequers_serial_rivers_small_b
D:2:      layout_basic, basic_altar, serial_shops, nicolae_shop_trees,
          kennysheep_generic_room_14
D:3:      layout_loops_ring, nzn_wu_jian_council_hall,
          kennysheep_orc_sif_temple, serial_shops, nicolae_shop_trees,
          item_on_display_a, uniq_natasha
D:4:      layout_loops_corners, corexii_item_surrounded_by_moat
D:5:      layout_basic, serial_shops, nicolae_shop_competitors_out_of_business,
          gup_sewer_entry_bowl, lightli_minifort
D:6:      nicolae_whirlpool, layout_gridville, mainiacjoe_overflow_paths,
          nicolae_ossuary_entry_ruins, kennysheep_generic_room_15,
          uniq_crazy_yiuf_cottage

Skill      XL: |  1  2  3  4  5  6  7 |
---------------+----------------------+-----
Ranged Weapons | 2 |  2.0
Dodging        | 2 |  2.0
Fighting       | 2 3 4 5 |  5.7
Long Blades    | 2 4 6 |  6.7
Spellcasting   | |  1.3
Hexes          | |  2.8

Action                     |  1- 3 |  4- 6 |  7- 9 || total
---------------------------+-------+-------+-------++-------
  Melee: Great sword       |       |   132 |    59 ||   191
         Tailslap          |       |    12 |     6 ||    18
   Fire: Sling             |   123 |    21 |       ||   144
Ability: Breathe Fire      |       |       |     4 ||     4
    Use: Scroll            |     2 |     5 |     2 ||     9
         Potion            |       |     7 |       ||     7
   Stab: Sleeping          |       |     2 |       ||     2
 Armour: Skin              |    31 |    91 |    22 ||   144
  Dodge: Dodged            |    47 |   174 |    51 ||   272

Table legend: (Time is in decaauts)
 A = Elapsed time spent in this place.
 B = Non-inter-level travel time spent in this place.
 C = Inter-level travel time spent in this place.
 D = Time resting spent in this place.
 E = Time spent auto-exploring this place.
 F = Levels seen in this place.
 G = Mean time per level.
                   A        B        C        D        E       F      G
               +--------+--------+--------+--------+--------+-----+--------+
         Total |   5726 |   5499 |    227 |    738 |   3715 |   6 |  954.3 |
       Dungeon |   5726 |   5499 |    227 |    738 |   3715 |   6 |  954.3 |
               +--------+--------+--------+--------+--------+-----+--------+

Top non-repeatable levels by time:
     D:4: 1672 daAuts
     D:5: 1211 daAuts
     D:3: 1148 daAuts
     D:2: 918 daAuts
     D:1: 773 daAuts
     D:6: 1 daAuts
